Swift, chaotic male elven Priest ----- ------------ |...| |..........| |...| #|..........| #.....######...........| #|..#| #----.------- #----- # #### # # ### # # # ### --------# # |[[)[[.|# ### |[.....|# # |[[).[.|# ----.-- |)@[.[.|# |<....| |[m[)).|# |.....| |[[[[[@-# |.....| -------- ------- Swift the Acolyte Experience level: 4 Strength: 11 Dexterity: 14 Constitution: 12 Intelligence: 8 Wisdom: 20 Charisma: 11 Health: 0(35) Energy: 42(42) Def: 3 Gold: 0 Moves: 1949 Dungeon seed: gnFugBExOwLu9L7Z Game ID: Swift_1614134167 Your Inventory: Weapons a - a blessed corroded +1 mace (weapon in hand) k - 7 +0 darts (in quiver) v - a +0 elven dagger x - a blessed +0 sling z - a +0 dagger A - a +0 orcish dagger Armor e - a +0 robe (being worn) n - a blessed +0 small shield (being worn) q - a +0 elven shield r - a +0 pair of gauntlets of dexterity H - a +0 pair of low boots I - a +0 pair of gauntlets of fumbling N - a +0 cloak of invisibility Y - a +0 leather cloak Comestibles c - a clove of garlic d - a sprig of wolfsbane j - a fortune cookie w - a tripe ration Scrolls s - a cursed scroll of blank paper t - a scroll of magic mapping E - a scroll of remove curse Spellbooks f - a spellbook of cure sickness g - a spellbook of detect unseen m - a blessed spellbook of jumping Potions b - 4 potions of holy water p - a blessed potion of object detection u - a potion of speed F - a potion of water G - a potion of holy water Tools i - a tin whistle y - a towel B - a leash C - a bell Spells and supernatural/magical abilities: Name Level Category Fail Memory K - cure sickness 3 healing 50% 91% U - detect unseen 3 divination 55% 91% W - pray for help -- divine ? -- X - turn undead -- divine ? -- Your skills at the end: Fighting Skills Weapon Skills mace [Basic] Spellcasting Skills clerical spells [Basic] Final Attributes: You were piously aligned. You were sleep resistant. You had infravision. You were held by a large mimic. You are dead. Vanquished creatures: a shrieker a kitten an acid blob 3 hobbits 6 manes a yellow mold 2 green molds 2 geckos 2 jackals 3 foxes a goblin 10 grid bugs a bat 2 lichens 3 newts 39 creatures vanquished. Voluntary challenges: You followed a strict vegan diet. You had been an atheist until turn 1926. You used a wielded weapon 56 times, starting on turn 3. You were illiterate. You never genocided any monsters. You never polymorphed an object. You never changed form. You used no wishes. You never split a pudding. You never wrote Elbereth's name. You never violated your personal moral code. Dungeon overview: The Dungeons of Doom: levels 1 to 6 Level 1 some fountains a long staircase Level 2 a scroll shop, some fountains Level 3 a general store, a fountain, a sink Level 4 Level 5 a potion shop, a fountain Level 6 <- You were here an armor shop, a sink History has recorded: On T:1 you entered the Dungeons of Doom to retrieve the Amulet of Yendor! On T:420 you reached level 2 of The Dungeons of Doom. On T:595 you advanced to experience level 2. On T:797 you reached level 3 of The Dungeons of Doom. On T:929 you advanced to experience level 3. On T:1031 you reached level 4 of The Dungeons of Doom. On T:1366 you reached level 5 of The Dungeons of Doom. On T:1613 you advanced to experience level 4. On T:1773 you reached level 6 of The Dungeons of Doom. Score breakdown: Gold: 0 ( 0 points) Experience: 4 levels ( 9649 points) Exploration: 6 levels ( 11.54%) ( 9393 points) Discoveries: 1 item ( 0.35%) ( 1773 points) Valuables value: (no points given unless you survive) Artifact value: 0 ( 0 points) Variety of kills: 15 monsters ( 3.94%) ( 5952 points) Turncount: 1949 turns ( 0 points) Survival: died (score multiplied by 80%) Total score: 21413 Latest messages: The large mimic hits! You hit the large mimic. You miss the large mimic. You hit the large mimic. You hear a slow drip. You hit the large mimic! The large mimic hits! You miss the large mimic. (2x) You hit the large mimic. You miss the large mimic. The large mimic hits! You miss the large mimic. You hit the large mimic. You hit the large mimic! You miss the large mimic. The large mimic hits! You miss the large mimic. (2x) You hit the large mimic. You miss the large mimic. The large mimic hits! You die... Ermenak comes and takes all your possessions. Final status: Goodbye Swift the Priest, killed by a large mimic... You died in The Dungeons of Doom on dungeon level 6 with 21413 points, and 0 pieces of gold, after 1949 moves. You were level 4 with a maximum of 35 hit points when you died.